AoeStats
← notthemama

Arabia

507483780Analyzed
1v1 RM · 15d ago on Sep 18, 2026· 59m 19s· 2 players
Game mode
Random Map
Map size
Tiny (2 player)
Population
200
Speed
Normal
Resources
Standard
Victory
Conquest
Starting age
Dark Age
Ending age
Imperial Age
RankedLock teamsTeams togetherTeam positionsShared explorationLock speedFull tech treeHidden civsTurbo modeCheats
Victory
Defeat
🇫🇷 Maya · France
1139
+16
🇮🇹 Magyars · Italy
1143
-16
CCTRI7
0:26 Loom
9:40 Feudal Age
10:09 Double-Bit Axe
22:39 Castle Age
21:51 Scale Mail Armor
22:01 Forging
22:52 Gold Mining
22:45 Horse Collar
23:44 Wheelbarrow
23:27 Squires
24:55 Fletching
25:06 Padded Archer Armor
27:04 Bodkin Arrow
26:56 Elite Skirmisher
27:23 Eagle Warrior
29:35 Chain Mail Armor
32:14 Leather Archer Armor
33:29 Iron Casting
36:06 Ballistics
37:28 Thumb Ring
38:59 Pikeman
46:20 Imperial Age
49:45 Plate Mail Armor
50:18 Blast Furnace
52:32 Bracer
53:22 Elite Eagle Warrior
notthemama
9:58 Feudal Age
8:15 Loom
11:26 Double-Bit Axe
12:58 Horse Collar
21:11 Wheelbarrow
23:01 Castle Age
21:51 Fletching
22:24 Padded Archer Armor
22:25 Gold Mining
23:56 Thumb Ring
25:36 Wheelbarrow
25:39 Bodkin Arrow
26:43 Husbandry
28:10 Leather Archer Armor
28:48 Scale Barding Armor
29:24 Bow Saw
31:21 Stone Mining
33:18 Heavy Plow
34:43 Gold Shaft Mining
34:42 Corvinian Army
35:04 Hand Cart
35:15 Town Watch
38:36 Ballistics
45:31 Masonry
54:44 Imperial Age
56:06 Bracer
Connection lost

Rejoining the realm…

Still unreachable

The connection could not be restored.

Session expired

The server has moved on; the page needs a fresh start.